 Dungeon Crawl Stone Soup version 0.26-a0-244-g083ca260ac (webtiles) character file.

Game seed: 3203701956099765261

190 BritishOli the Skirmisher (level 5, 0/42 HPs)
             Began as a Demonspawn Fighter on July 8, 2020.
             Slain by an orc
             ... wielding a +0 club
              (1 damage)
             ... on level 3 of the Dungeon.
             The game lasted 00:01:56 (2419 turns).

BritishOli the Skirmisher (Demonspawn Fighter)      Turns: 2419, Time: 00:01:57

Health: 0/42       AC:  8    Str: 18      XL:     5   Next: 41%
Magic:  0/5        EV:  7    Int:  8 (9)  God:
Gold:   123        SH:  9    Dex: 10 (12) Spells: 4/4 levels left

rFire    . . .     SeeInvis .   a - +0 long sword
rCold    . . .     Faith    .   c - +0 kite shield
rNeg     . . .     Spirit   +   b - +0 scale mail
rPois    .         Reflect  .   (no helmet)
rElec    .         Harm     .   (no cloak)
rCorr    .                      (no gloves)
MR       .....                  (no boots)
Stlth    ..........             (no amulet)
HPRegen  0.14/turn              (no ring)
MPRegen  0.09/turn              (no ring)

@: no status effects
A: claws 1, thin metallic scales 1, magic shield
a: no special abilities


You were on level 3 of the Dungeon.
You were not hungry.

You visited 1 branch of the dungeon, and saw 3 of its levels.

You collected 123 gold pieces.

Inventory:

Hand Weapons
 a - a +0 long sword (weapon)
Armour
 b - a +0 scale mail (worn)
 c - a +0 kite shield (worn)
Wands
 s - a wand of random effects (16)
Scrolls
 g - a scroll of enchant weapon {unknown}
 h - 2 scrolls of immolation {unknown}
 i - 2 scrolls of remove curse {unknown}
 j - a scroll of fear {unknown}
 k - a scroll of enchant armour {unknown}
 o - 2 scrolls of identify {unknown}
 p - a scroll of amnesia {unknown}
 q - a scroll of fog {unknown}
 r - 2 scrolls of teleportation {unknown}
Potions
 d - a potion of might
 e - a potion of berserk rage
 l - a potion of degeneration
 m - a potion of curing {unknown}
 n - a potion of magic {unknown}
Comestibles
 f - 8 rations


   Skills:
 + Level 3.9 Fighting
 + Level 2.9 Long Blades
 + Level 3.6 Armour
 + Level 3.7 Shields


You had 4 spell levels left.
You didn't know any spells.
Your spell library was empty.

Dungeon Overview and Level Annotations

Branches:
Dungeon (3/15)

Altars:
Fedhas
Gozag
Xom
Yredelemnul


Innate Abilities, Weirdness & Mutations

You have sharp fingernails.
You are partially covered in thin metallic scales. (AC +2)
When hurt, damage is shared between your health and your magic reserves.


Message History

You hit the orc.
The orc is severely wounded.
The leopard gecko bites you. The orc hits you with a +0 club.
* * * LOW HITPOINT WARNING * * *
The leopard gecko bites you.
* * * LOW HITPOINT WARNING * * *
You are too injured to fight recklessly!
You closely miss the orc.
The orc is severely wounded.
The orc hits you with a +0 club.
* * * LOW HITPOINT WARNING * * *
The leopard gecko bites you but does no damage.
The orc hits you with a +0 club.
* * * LOW HITPOINT WARNING * * *
You barely miss the orc.
The orc is heavily wounded.
The leopard gecko barely misses you.
You riposte.
You slash the leopard gecko!
You kill the leopard gecko!
The orc hits you with a +0 club.
You die...

........†................
########...........#####.
########...........#####.
.....................)...
#####....##.....#.....†##
..###....##...>.#......#
..........##....###.....#
..........####### #.....#
.........@.....# ##......
.........o.....# #......
....##........## ####...
..............#
............###
#.......### #...#####
#.#.


You could see an orc.

Vanquished Creatures
  An orc priest (D:3)
  An orc wizard (D:2)
  A hound skeleton (D:3)
  3 adders
  4 worms
  2 dart slugs
  4 leopard geckos
  10 orcs
  7 goblins
  6 hobgoblins
  3 jackals (D:3)
  11 kobolds
  6 bats
  4 frilled lizards
  11 rats
74 creatures vanquished.

Notes
Turn   | Place    | Note
-------+----------+-------------------------------------------
     0 | D:1      | BritishOli the Demonspawn Fighter began the quest for the
                  | Orb.
     0 | D:1      | Reached XP level 1. HP: 18/18 MP: 1/1
   141 | D:1      | Gained mutation: You are partially covered in thin metallic
                  | scales. (AC +2) [demonic ancestry]
   141 | D:1      | Reached XP level 2. HP: 24/24 MP: 2/2
   598 | D:2      | Found an opulent altar of Gozag.
   700 | D:2      | Reached XP level 3. HP: 6/29 MP: 3/3
  1029 | D:2      | Found a basalt altar of Yredelemnul.
  1220 | D:2      | Gained mutation: You have sharp fingernails. [demonic
                  | ancestry]
  1220 | D:2      | Reached XP level 4. HP: 35/35 MP: 4/4
  1724 | D:3      | Found a blossoming altar of Fedhas.
  2000 | D:3      | Found a shimmering altar of Xom.
  2313 | D:3      | Gained mutation: When hurt, damage is shared between your
                  | health and your magic reserves. [demonic ancestry]
  2313 | D:3      | Reached XP level 5. HP: 40/42 MP: 5/5
  2418 | D:3      | HP: 1/42 [orc/+0 club (3)]
  2419 | D:3      | Slain by an orc

Illustrated notes

Levels and vault maps discovered:
D:1:      tarquinn_simple_flora_water_b, layout_rooms
D:2:      layout_basic, nicolae_overflow_hidden_temple, serial_glass,
          glass_columns_a, glass_columns_a, glass_columns_a, glass_columns_b,
          glass_columns_c, first_ration, yredelemnul_altar_generic
D:3:      kennysheep_the_goblin_king, layout_basic, xom_butterflies,
          fedhas_ov_isle_minmay, minmay_overflow_temple_star_quad,
          minmay_unequal

Skill      XL: |  1  2 |
---------------+-------+-----
Long Blades    | 2 |  2.9
Shields        | 3 |  3.7
Armour         | 3 |  3.6
Fighting       | |  3.9

Action                   |  1- 3 |  4- 6 || total
-------------------------+-------+-------++-------
Melee: Long sword        |   107 |   132 ||   239
  Use: Potion            |       |     2 ||     2
  Eat: Ration            |     1 |     1 ||     2
Armor: Scale mail        |    46 |    95 ||   141
Dodge: Dodged            |    30 |    54 ||    84
Block: Kite shield       |    48 |    97 ||   145
       Rpst.: Long sword |    11 |    16 ||    27

Table legend:
 A = Non-vault XP
 B = Vault XP
 C = Vault XP percentage of total XP
 D = Non-vault monster count
 E = Vault monster count
 F = Vault count percentage of total count
                 A         B        C        D         E       F
            +---------+---------+-------+---------+---------+-------
      Total |     265 |       7 |   2.6 |      71 |       3 |   4.1
            +---------+---------+-------+---------+---------+-------
        D:1 |      31 |       0 |   0.0 |      20 |       0 |   0.0
        D:2 |      96 |       0 |   0.0 |      26 |       0 |   0.0
        D:3 |     138 |       7 |   4.8 |      25 |       3 |  10.7
            +---------+---------+-------+---------+---------+-------
